 Adventure DCSS version bcrawl-1.19-7-g22fd707d3b (webtiles) character file.

Game seed: 17341274217893436460

417 Leeroy the Carver (level 6, -4/37 HPs)
             Began as a Skeleton Reaver on Nov 16, 2019.
             Was a Priest of Vehumet.
             Slain by Prince Ribbit (8 damage)
             ... on level 5 of the Dungeon.
             The game lasted 00:15:32 (6404 turns).

Leeroy the Carver (Skeleton Reaver)                 Turns: 6404, Time: 00:15:33

Health: -4/37      AC:  5    Str: 18    XL:     6   Next: 61%
Magic:  0/10       EV: 12    Int: 14    God:    Vehumet [***...]
Gold:   407        SH:  0    Dex:  7    Spells: 6/11 levels left
                                        Lives:  0   Deaths: 2

rFire    . . .     SeeInvis .   p - +2 dagger (elec)
rCold    + . .     Gourm    .   (no shield)
rNeg     + + +     Faith    .   b - +0 steam dragon scales
rPois    ∞         Spirit   +   (no helmet)
rElec    .         Reflect  .   (no cloak)
rCorr    .         Harm     .   (no gloves)
MR       .....                  (no boots)
Stlth    ++........             (no amulet)
HPRegen  0.12/turn              (no ring)
MPRegen  0.12/turn              (no ring)

@: no status effects
A: no food or potions, cold resistance 1, deterioration 1, negative energy
resistance 3, powered by death 1, torment resistance, unbreathing, magic shield,
sturdy frame 1, spell healing
a: Renounce Religion


You were on level 5 of the Dungeon.
You worshipped Vehumet.
Vehumet was most pleased with you.
You were not hungry.

You visited 1 branch of the dungeon, and saw 5 of its levels.
You also visited: Sewer.

You collected 407 gold pieces.

Inventory:

Hand Weapons
 a - a +0 long sword
 e - a +0 dagger
 j - a +0 flail
 m - a +0 blowgun
 n - a +1 whip of flaming
 p - a +2 dagger of electrocution (weapon)
 r - a +0 blowgun
Missiles
 f - 175 poisoned needles
Armour
 b - +0 steam dragon scales (worn)
 g - a +0 plate armour
Wands
 u - a wand of flame (41)
Scrolls
 c - 3 scrolls of immolation
 d - a scroll of fog {unknown}
 h - 6 scrolls of identify
 i - a scroll of noise {unknown}
 k - 3 scrolls of teleportation
 l - 5 scrolls of remove curse
 o - a scroll of enchant weapon {unknown}
 q - a scroll of amnesia {unknown}
 t - a scroll of fear {unknown}
 v - a scroll of blinking {unknown}
Potions
 s - 2 potions of heal wounds {unknown}


   Skills:
 - Level 3.0 Fighting
 - Level 8.2 Long Blades
 - Level 3.0 Dodging
 + Level 2.3 Stealth
 - Level 3.0 Spellcasting
 - Level 7.3 Conjurations
 - Level 0.3 Hexes


You had 6 spell levels left.
You knew the following spells:

 Your Spells              Type           Power        Failure   Level  Hunger
a - Shock                 Conj/Air       ##...        1%          1    N/A
b - Sting                 Conj/Pois      ##..         1%          1    N/A
c - Dazzling Spray        Conj/Hex       ##....       3%          3    N/A

Your spell library contained the following spells:

 Spells                   Type           Power        Failure   Level  Hunger
 Ignite Poison            Fire/Tmut/Pois #.......     17%         3    N/A
 Corona                   Hex            #......      19%         1    N/A
 Ensorcelled Hibernation  Hex/Ice        #.....       30%         2    N/A
 Iskenderun's Battlesphe  Conj/Chrm      ##......     32%         5    N/A
 Confuse                  Hex            #.......     50%         3    N/A
 Tukima's Dance           Hex            #.......     50%         3    N/A

Dungeon Overview and Level Annotations

Branches:
Dungeon (5/12)             Temple (0/1) D:4

Altars:
Ashenzari
Vehumet

Annotations:
D:5 Prince Ribbit


Innate Abilities, Weirdness & Mutations

You do not eat or drink.
You are immune to poison.
Your flesh is cold resistant. (rC+)
Your body sometimes deteriorates upon taking damage.
You are immune to negative energy. (rN+++)
You regenerate a little health from kills.
You are immune to unholy pain and torment.
You can survive without breathing.
When hurt, damage is shared between your health and your magic reserves.
Your movements are slightly less encumbered by armour. (ER -2)
Casting spells heals you.


Message History

Prince Ribbit is dazzled.
Prince Ribbit hits you.
You miss Prince Ribbit.
Prince Ribbit is moderately wounded.
Prince Ribbit hits you!
* * * LOW HITPOINT WARNING * * *
You hit Prince Ribbit.
Prince Ribbit is moderately wounded.
Prince Ribbit completely misses you.
You barely miss Prince Ribbit.
Prince Ribbit is moderately wounded.
Prince Ribbit closely misses you.
You hit Prince Ribbit.
Lightning courses through Prince Ribbit!
Prince Ribbit is almost dead.
Prince Ribbit croaks regally.
Prince Ribbit barely misses you.
You hit Prince Ribbit.
Prince Ribbit is almost dead.
Prince Ribbit hits you!
You die...

#.#. #. #§#. #.
#.#. #. #.#.
#$#### #.#. #.#..
#.#. #.#.# #...
#.#.#### ###.
#.@....# #.
###F##.#
########.
#.##.##.#F....F..
#.......#.#####..
####.####.# #..
#.# #.# #.. #.#
#.# #.. #.# ##.##
#.#
#.###...####.#


You could see Prince Ribbit (blind).

Vanquished Creatures
  An ice beast (D:4)
  2 ogres (D:5)
  3 crimson imps
  A gnoll shaman (D:5)
  An orc priest (D:4)
  4 orc wizards
  An iguana (D:4)
  4 worker ants
  A hound zombie (D:5)
  10 adders
  6 gnolls
  An ooze (D:2)
  4 worms
  2 dart slugs
  4 leopard geckos
  17 orcs
  4 bats
  4 giant cockroaches
  5 goblins
  7 hobgoblins
  9 jackals
  4 quokkas
  5 ball pythons
  9 frilled lizards
  A jackal skeleton (D:5)
  17 kobolds
  A quokka skeleton (D:4)
  5 rats
  9 plants (Sewer)
142 creatures vanquished.

Vanquished Creatures (others)
  A plant (Sewer)
1 creature vanquished.

Grand Total: 143 creatures vanquished

Notes
Turn   | Place    | Note
-------+----------+-------------------------------------------
     0 | D:1      | Leeroy the Skeleton Reaver began the quest for the Orb.
     0 | D:1      | Reached XP level 1. HP: 14/14 MP: 4/4
    96 | D:1      | Reached skill level 4 in Long Blades
   152 | D:2      | Reached XP level 2. HP: 8/19 MP: 3/6
   860 | D:1      | Reached skill level 5 in Long Blades
  1214 | D:1      | Reached XP level 3. HP: 16/23 MP: 4/7
  1666 | D:2      | Reached skill level 6 in Long Blades
  1666 | D:2      | Reached XP level 4. HP: 28/28 MP: 8/8
  2072 | D:2      | Reached * piety under Vehumet
  2072 | D:2      | Offered knowledge of Shock by Vehumet.
  2080 | D:2      | Learned a level 1 spell: Shock
  2878 | D:2      | Reached skill level 7 in Long Blades
  2878 | D:2      | Reached XP level 5. HP: 22/32 MP: 6/9
  3356 | D:3      | Found a glowing drain.
  3367 | Sewer    | Entered a sewer
  3469 | Sewer    | Reached skill level 1 in Conjurations
  3471 | Sewer    | Offered knowledge of Sting by Vehumet.
  3479 | Sewer    | Learned a level 1 spell: Sting
  3496 | Sewer    | Reached ** piety under Vehumet
  4292 | D:3      | Gained mutation: You regenerate a little health from kills.
                  | [Skeleton growth]
  4292 | D:3      | Reached XP level 6. HP: 37/37 MP: 8/10
  4662 | D:4      | Found a radiant altar of Vehumet.
  4756 | D:5      | Entered Level 5 of the Dungeon
  4763 | D:5      | HP: 1/37 [orc/+0 mace (1)]
  4764 | D:5      | Found a shattered altar of Ashenzari.
  4790 | D:5      | Killed from afar by an orc wizard
  4791 | D:5      | Reached XP level 5. HP: -2/32 MP: 0/9
  4873 | D:5      | Killed an ogre
  4873 | D:5      | Reached skill level 5 in Conjurations
  4873 | D:5      | Reached XP level 6. HP: 36/37 MP: 3/10
  4958 | D:5      | Noticed Prince Ribbit
  4972 | D:4      | Found a staircase to the Ecumenical Temple.
  5186 | D:4      | Noticed an ice beast
  5200 | D:4      | Killed an ice beast
  5246 | D:4      | Learned a level 3 spell: Dazzling Spray
  5298 | D:4      | Offered knowledge of Ignite Poison by Vehumet.
  5314 | D:4      | Reached XP level 7. HP: 33/41 MP: 6/11
  5650 | D:4      | Reached *** piety under Vehumet
  5835 | D:5      | Reached skill level 8 in Long Blades
  6306 | D:5      | Slain by Prince Ribbit
  6307 | D:5      | Reached XP level 6. HP: -5/37 MP: 0/10
  6404 | D:5      | Slain by Prince Ribbit

Skill      XL: |  1  2  3  4  5  6  7 |
---------------+----------------------+-----
Long Blades    | 4 5 6 7 8 |  8.2
Conjurations   | 5 6 7 |  7.3
Stealth        | 2 |  2.3
Fighting       | |  3.0
Dodging        | |  3.0
Spellcasting   | |  3.0
Hexes          | |  0.3

Action                   |  1- 3 |  4- 6 |  7- 9 || total
-------------------------+-------+-------+-------++-------
Melee: Long sword        |   108 |    39 |       ||   147
       Dagger            |       |   365 |    76 ||   441
 Cast: Shock             |       |    27 |       ||    27
       Sting             |       |     5 |     2 ||     7
       Dazzling Spray    |       |     4 |     3 ||     7
  Use: Scroll            |       |     2 |     1 ||     3
 Stab: Invisible         |       |     1 |       ||     1
Armor: Steam dragon scal |    34 |    86 |    10 ||   130
Dodge: Dodged            |    75 |   173 |    43 ||   291
